 Dungeon Crawl Stone Soup version 0.22-a0-603-gfc1114d (webtiles) character file.

81 digijack the Skirmisher (level 4, -2/35 HPs)
             Began as a Demonspawn Abyssal Knight on July 7, 2018.
             Was a Follower of Lugonu.
             Slain by an adder (4 damage)
             ... on level 3 of the Dungeon.
             The game lasted 00:23:10 (2580 turns).

digijack the Skirmisher (Demonspawn Abyssal Knight) Turns: 2580, Time: 00:23:11

Health: -2/35      AC:  4    Str: 13      XL:     4   Next: 19%
Magic:  6/6        EV: 12    Int: 11 (14) God:    Lugonu [*.....]
Gold:   51         SH:  0    Dex: 12 (14) Spells: 3/3 levels left

rFire    . . .     SeeInvis .   a - +1 spear
rCold    + . .     Gourm    +   (no shield)
rNeg     . . .     Faith    .   b - +0 leather armour
rPois    .         Spirit   .   (helmet restricted)
rElec    .         Reflect  .   (no cloak)
rCorr    .         Harm     .   (no gloves)
MR       .....                  d - +0 pair of boots
Stlth    ++........             i - amulet of the gourmand
HPRegen  0.11/turn              (no ring)
MPRegen  0.10/turn              (no ring)

@: lethally poisoned (-2 -> -8)
A: antennae 1, thin skeletal structure 1, cold resistance 1
a: Depart the Abyss, Renounce Religion


You were on level 3 of the Dungeon.
You worshipped Lugonu.
Lugonu was aware of your devotion.
You were very full.

You visited 1 branch of the dungeon, and saw 3 of its levels.
You visited the Abyss 1 time.

You collected 51 gold pieces.

Inventory:

Hand Weapons
 a - a +1 spear (weapon)
Armour
 b - a +0 leather armour (worn)
 d - a +0 pair of boots (worn)
Jewellery
 f - an uncursed ring of fire
 i - an amulet of the gourmand (around neck)
Scrolls
 e - 4 scrolls of remove curse
 g - 3 scrolls of identify
Comestibles
 c - 4 rations


   Skills:
 + Level 3.3 Fighting
 + Level 2.3 Polearms
 + Level 2.3 Armour
 + Level 1.7 Dodging
 + Level 0.8 Stealth
 + Level 3.3 Invocations


You had 3 spell levels left.
You didn't know any spells.
Your spell library was empty.

Dungeon Overview and Level Annotations

Branches:
Dungeon (3/15)

Altars:
Nemelex Xobeh


Innate Abilities, Weirdness & Mutations

You have a pair of small antennae on your head.
You have a somewhat thin skeletal structure. (Dex +2, Stealth)
Your flesh is cold resistant. (rC+)


Message History

The adder closely misses you. The adder bites you.
You are poisoned.
The adder poisons you!
You barely miss the adder.
The adder is heavily wounded.
You feel sick. The adder misses you. The adder bites you.
* * * LOW HITPOINT WARNING * * *
The adder bites you.
* * * LOW HITPOINT WARNING * * *
You are more poisoned.
The adder poisons you!
There is a lethal amount of poison in your body!
A goblin comes into view. It is wielding a dagger.
* * * LOW HITPOINT WARNING * * *
You feel sick. The adder barely misses you.
* * * LOW HITPOINT WARNING * * *
You feel sick.
The goblin shouts!
The adder bites you.
You die...

..#.#..#..
######.........
#....#......#
#.##.#......#
#.##.#.##...#.
#.............#
#.###....#.##.#....
#....S...#.##.########
#####@S..#.##.##......
#....#>...........
......####.##....##
##.##### #.#####.# #g
#.# #.# #.
#####.#####.## #.
#.......##.... #.
....###.#.##.... ##
#.#.##....


You could see 2 adders and a goblin.

Vanquished Creatures
  3 adders (D:2)
  A shadow imp (D:3)
  A worm (D:2)
  4 leopard geckos
  2 bats
  4 giant cockroaches
  2 goblins (D:2)
  5 hobgoblins
  4 jackals (D:1)
  2 quokkas (D:2)
  2 frilled lizards
  4 kobolds
  4 rats
38 creatures vanquished.

Notes
Turn   | Place    | Note
-------+----------+-------------------------------------------
     0 | Abyss:1  | digijack the Demonspawn Abyssal Knight began the quest for the Orb.
     0 | Abyss:1  | Reached XP level 1. HP: 18/18 MP: 2/2
   113 | Abyss:1  | Noticed a starcursed mass
   115 | D:1      | Escaped the Abyss
   325 | D:1      | Reached skill level 1 in Dodging
   515 | D:1      | Reached * piety under Lugonu
   581 | D:1      | Gained mutation: You have a pair of small antennae on your head. [demonic ancestry]
   581 | D:1      | Reached XP level 2. HP: 15/24 MP: 4/4
  1386 | D:2      | Gained mutation: Your flesh is cold resistant. (rC+) [demonic ancestry]
  1386 | D:2      | Reached XP level 3. HP: 24/29 MP: 5/5
  1634 | D:2      | Found a sparkling altar of Nemelex Xobeh.
  2049 | D:2      | Gained mutation: You have a somewhat thin skeletal structure. (Dex +2, Stealth) [demonic ancestry]
  2049 | D:2      | Reached XP level 4. HP: 12/35 MP: 6/6
  2580 | D:3      | Slain by an adder

Vault maps used:
D:1:      ncdulo_smallfort, st_stairs_7
D:2:      nemelex_altar_shiori, minmay_splitting_lines
D:3:      first_ration, st_stairs_14
Abyss:1:  gammafunk_corrupted_shrine, grunt_abyss_exit_deep_breaths

Skill      XL: |  1  2 |
---------------+-------+-----
Dodging        | 1 |  1.7
Polearms       | 2 |  2.3
Armour         | 2 |  2.3
Invocations    | 3 |  3.3
Fighting       | |  3.3
Stealth        | |  0.8

Action                   |  1- 3 |  4- 6 || total
-------------------------+-------+-------++-------
Melee: Spear             |   130 |    23 ||   153
Invok: Depart the Abyss  |     1 |       ||     1
  Use: Scroll            |     6 |       ||     6
       Potion            |     4 |       ||     4
 Stab: Sleeping          |     2 |     2 ||     4
  Eat: Chunk             |    10 |     3 ||    13
Armor: Leather armour    |    20 |     2 ||    22
Dodge: Dodged            |    43 |     7 ||    50

Table legend:
 A = Spawn XP
 B = Non-spawn XP
 C = Spawn XP percentage of total XP
 D = Spawn monster count
 E = Non-spawn monster count
 F = Spawn count percentage of total count
 G = Total turns spent on level
                    A         B        C        D         E        F      G
               +---------+---------+-------+---------+---------+-------+---------
         Total |       0 |     116 |   0.0 |       0 |      38 |   0.0 |  2580
               +---------+---------+-------+---------+---------+-------+---------
           D:1 |       0 |      30 |   0.0 |       0 |      16 |   0.0 |  1049
           D:2 |       0 |      73 |   0.0 |       0 |      20 |   0.0 |  1338
           D:3 |       0 |      13 |   0.0 |       0 |       2 |   0.0 |    78
               +---------+---------+-------+---------+---------+-------+---------
